 Dungeon Crawl Stone Soup version 0.32-a0-572-g3e1049b (webtiles) character file.

Game seed: 16384875982114276528

25 Dorkslayer the Covered (level 2, 0/25 HPs)
             Began as a Demigod Fighter on Mar 1, 2024.
             Killed from afar by Natasha (4 damage)
             ... with a magic dart
             ... on level 2 of the Dungeon.
             The game lasted 00:01:52 (739 turns).

Dorkslayer the Covered (Demigod Fighter)             Turns: 739, Time: 00:01:52

Health: 0/25       AC:  9    Str: 17    XL:     2   Next: 66%
Magic:  4/4        EV:  7    Int: 10    God:
Gold:   60         SH:  4    Dex: 13    Spells: 1/1 levels left

rFire   . .          .
                       - Unarmed
rCold   . . .        b - +0 buckler
rNeg    . . .        d - +0 chain mail
rPois   .            (no helmet)
rElec   .            (no cloak)
rCorr   .            (no gloves)
SInv    .            (no boots)
Will    .....        (no amulet) Stlth
                     (no ring)
HPRegen 0.24/turn    (no ring)
MPRegen 0.09/turn

%: no passive effects
@: no status effects
A: high MP 1, forlorn, divine attributes
a: no special abilities


You were on level 2 of the Dungeon.
You visited 1 branch of the dungeon, and saw 2 of its levels.

You collected 60 gold pieces.

Inventory:

Armour
 b - a +0 buckler (worn)
 d - a +0 chain mail (worn)
Scrolls
 e - a scroll of brand weapon {unknown}
 g - a scroll of identify {unknown}
 h - a scroll of enchant weapon {unknown}
 i - 2 scrolls of fog {unknown}
 j - a scroll of torment {unknown}
Potions
 a - a potion of berserk rage {unknown}
 c - a potion of might
 f - a potion of brilliance {unknown}


   Skills:
 + Level 2.8 Fighting
 + Level 3.0 Armour
 * Level 0.8 Dodging
 + Level 2.9 Shields
 + Level 2.1 Unarmed Combat


You had one spell level left.
You didn't know any spells.
Your spell library contained the following spells:

 Spells                   Type           Power      Damage    Failure   Level
 Manifold Assault         Tloc           0%         N/A       100%        4
 Dispersal                Tloc           0%         N/A       100%        6
 Disjunction              Tloc           0%         N/A       100%        8


Dungeon Overview and Level Annotations

Branches:
Dungeon (2/15)

Annotations:
D:2 Natasha


Innate Abilities, Weirdness & Mutations

You have an increased reservoir of magic. (+10% MP)
You shall have no god before yourself.
Your divine heritage dramatically boosts your attributes as you level up.


Message History

Natasha claws you!
You hit Natasha but do no damage.
Natasha is moderately wounded.
Natasha casts a spell.
You barely miss Natasha.
Natasha is moderately wounded.
Natasha claws you.
The cerulean imp hits you but does no damage.
You hit Natasha.
Natasha is heavily wounded.
Natasha mumbles some strange words.
The cerulean imp hits you with a +2 spear.
You hit Natasha.
Natasha is heavily wounded.
Natasha claws you but does no damage. You block the cerulean imp's attack.
You barely miss Natasha.
Natasha is heavily wounded.
You block the cerulean imp's attack. Natasha claws you.
You block the cerulean imp's attack.
You closely miss Natasha.
Natasha is heavily wounded.
The cerulean imp hits you from afar with a +4 spear.
Natasha stares at you and mumbles some strange words.
The magic dart hits you but does no damage.
Unknown command.
You hit Natasha.
Natasha is severely wounded.
The cerulean imp hits you but does no damage.
The cerulean imp hits you from afar with a +4 spear.
* * * LOW HITPOINT WARNING * * *
Natasha mumbles some strange words.
You hit Natasha but do no damage.
Natasha is severely wounded.
The cerulean imp hits you with a +2 spear.
* * * LOW HITPOINT WARNING * * *
The cerulean imp barely misses you. You block the cerulean imp's attack.
Natasha casts a spell at you. The magic dart hits you.
You die...
Natasha begins licking her fur clean.

##..# #.# #.#
#..########.#
#.#
#...........#
#.#
#...........#
#.#
#.###########
#†# #.# #.#
#.## #.# #55#
#.# ##@# #.#
#h# #.# #5#
###.# #.#
#...# #.#
#.### #.# #.#
#.# #.# #.#
#.# #.#


You could see Natasha and 3 cerulean imps.

Vanquished Creatures
  3 bats
  3 endoplasms (D:1)
  A giant cockroach (D:1)
  3 goblins (D:1)
  3 hobgoblins
  A quokka (D:1)
  A ball python (D:2)
  3 frilled lizards
  3 kobolds
  3 rats
24 creatures vanquished.

Notes
Turn   | Place    | Note
-------+----------+-------------------------------------------
     0 | D:1      | Dorkslayer the Demigod Fighter began the quest for the Orb.
     0 | D:1      | Reached XP level 1. HP: 18/18 MP: 3/3
   273 | D:1      | Reached XP level 2. HP: 19/25 MP: 4/4
   589 | D:2      | Reached skill level 3 in Armour
   726 | D:2      | Noticed Natasha
   739 | D:2      | Killed from afar by Natasha

Illustrated notes

Levels and vault maps discovered:
D:1:      enne_arrival_octagon_isle, layout_basic, amethyst_killhole
D:2:      layout_loops_ring, serial_shops, shop, nicolae_shop_drivethru,
          uniq_natasha, uniq_sigmund

Skill      XL: |  1  2 |
---------------+-------+-----
Unarmed Combat | 2 |  2.1
Armour         | 3 |  3.0
Fighting       | |  2.8
Dodging        | |  0.8
Shields        | |  2.9

Action                     || total
---------------------------++-------
  Melee: Unarmed           ||   109
 Armour: Chain mail        ||    84
         Scale mail        ||    19
  Dodge: Dodged            ||    46
  Block: Buckler           ||    27

Table legend: (Time is in decaauts)
 A = Elapsed time spent in this place.
 B = Non-inter-level travel time spent in this place.
 C = Inter-level travel time spent in this place.
 D = Time resting spent in this place.
 E = Time spent auto-exploring this place.
 F = Levels seen in this place.
 G = Mean time per level.
                   A        B        C        D        E       F      G
               +--------+--------+--------+--------+--------+-----+--------+
         Total |    740 |    740 |      0 |      0 |    270 |   2 |  370.0 |
       Dungeon |    740 |    740 |      0 |      0 |    270 |   2 |  370.0 |
               +--------+--------+--------+--------+--------+-----+--------+

Top non-repeatable levels by time:
     D:1: 565 daAuts
     D:2: 175 daAuts
